 Dungeon Crawl Stone Soup version 0.21-a0-402-gcbae7d1 (webtiles) character file.

4 krum85 the Sneak (level 1, 0/9 HPs)
             Began as a Spriggan Conjurer on Oct 26, 2017.
             Succumbed to an adder's poison
             ... on level 1 of the Dungeon.
             The game lasted 00:19:06 (280 turns).

krum85 the Sneak (Spriggan Conjurer)                 Turns: 280, Time: 00:19:07

Health: 0/9        AC:  2    Str:  4    XL:     1   Next: 50%
Magic:  4/5        EV: 18    Int: 16    God:
Gold:   14         SH:  0    Dex: 16    Spells: 4/5 levels left

rFire    . . .     SeeInvis +   f - +0 dagger
rCold    . . .     Gourm    .   (shield restricted)
rNeg     . . .     Faith    .   a - +0 robe
rPois    .         Spirit   .   (helmet restricted)
rElec    .         Reflect  .   (no cloak)
rCorr    .         Harm     .   (gloves unavailable)
MR       .....                  (boots unavailable)
Stlth    ++........             (no amulet)
HPRegen  0.03/turn              (no ring)
MPRegen  0.09/turn              (no ring)

@: lethally poisoned (0 -> -5), very slightly contaminated, very quick
A: unfitting armour, see invisible, herbivore 3, speed 3, slow metabolism 2
a: no special abilities


You were on level 1 of the Dungeon.
You were not hungry.

You visited 1 branch of the dungeon, and saw 2 of its levels.

You collected 14 gold pieces.

Inventory:

Hand Weapons
 f - a +0 dagger (weapon)
 h - a +0 whip
Missiles
 d - 7 tomahawks (quivered)
 g - 17 sling bullets
Armour
 a - a +0 robe (worn)
Potions
 j - a potion of brilliance
Books
 b - a book of Conjurations

   Spells                             Type                      Level
   a - Magic Dart                     Conjuration                  1
   b - Searing Ray                    Conjuration                  2
   c - Dazzling Spray                 Conjuration/Hexes            3
   d - Fulminant Prism                Conjuration/Hexes            4
   e - Force Lance                    Conjuration/Translocation    4
   f - Iskenderun's Mystic Blast      Conjuration                  4
Comestibles
 c - a bread ration
 i - 2 inedible chunks of flesh


   Skills:
 + Level 0.1 Short Blades
 + Level 3.0 Dodging
 + Level 3.1 Stealth
 + Level 2.7 Spellcasting
 + Level 3.0 Conjurations


You had 4 spell levels left.
You knew the following spells:

 Your Spells              Type           Power        Failure   Level  Hunger
a - Magic Dart            Conj           ##..         5%          1    #......


Dungeon Overview and Level Annotations

Branches:
Dungeon (2/15)

Altars:


Innate Abilities, Weirdness & Mutations

You are very small and have problems with some larger weapons.
You are too small for most types of armour.
You have supernaturally acute eyesight. (SInv)
You are a herbivore.
You cover ground extremely quickly.
You need consume almost no food.


Message History

The adder barely misses you.
You feel sick.
You feel sick.
There is a stone staircase leading up here.
Casting: Magic Dart
Confirm with . or Enter, or press ? or * to list all spells.
You don't know that spell.
You climb upwards.
* * * LOW HITPOINT WARNING * * *
You feel sick.
There is a stone staircase leading down here.
There is a lethal amount of poison in your body!
There is a lethal amount of poison in your body!
As you read the scroll labeled BERUVABIGE, it crumbles to dust.
It is a scroll of identify.
j - a potion of brilliance
There is a lethal amount of poison in your body!
* * * LOW HITPOINT WARNING * * *
You feel sick.
You die...

..#+#..# # ........
#
#############.......
#
#......@...##.......
#
#.########.##...#..#
# #.##...#..# #
####.##...#..# #
+.........#..# #
####.###..#..# #
#.....>...# #
#..######.# # #..#
#.# #


There were no monsters in sight!

Vanquished Creatures
  A goblin (D:1)
  A bat (D:2)
  A frilled lizard (D:2)
  A kobold (D:1)
  A rat (D:1)
5 creatures vanquished.

Notes
Turn   | Place    | Note
-------+----------+-------------------------------------------
     0 | D:1      | krum85 the Spriggan Conjurer began the quest for the Orb.
     0 | D:1      | Reached XP level 1. HP: 9/9 MP: 5/5
   280 | D:1      | Succumbed to an adder's poison

Vault maps used:
D:1:      onia_arrival_mini_maze_b, minmay_quantized
D:2:      uniq_sigmund

Skill      XL: |  1 |
---------------+----+-----
Conjurations   | 3 |  3.0
Short Blades   | |  0.1
Dodging        | |  3.0
Stealth        | |  3.1
Spellcasting   | |  2.7

Action                   || total
-------------------------++-------
Melee: Dagger            ||     8
 Cast: Magic Dart        ||    10
  Use: Scroll            ||     1
Armor: Robe              ||     3
Dodge: Dodged            ||     7

Table legend:
 A = Spawn XP
 B = Non-spawn XP
 C = Spawn XP percentage of total XP
 D = Spawn monster count
 E = Non-spawn monster count
 F = Spawn count percentage of total count
 G = Total turns spent on level
                    A         B        C        D         E        F      G
               +---------+---------+-------+---------+---------+-------+---------
         Total |       0 |       6 |   0.0 |       0 |       5 |   0.0 |   280
               +---------+---------+-------+---------+---------+-------+---------
           D:1 |       0 |       4 |   0.0 |       0 |       3 |   0.0 |   173
           D:2 |       0 |       2 |   0.0 |       0 |       2 |   0.0 |   107
               +---------+---------+-------+---------+---------+-------+---------
